 Dungeon Crawl Stone Soup version 0.25-a0-842-g81a31cfd23 (webtiles) character file.

Game seed: 17619872536589769170, levelgen mode: deterministic

121 Gildeon the Conjurer (level 4, 24/24 HPs)
             Began as a Deep Elf Conjurer on Mar 21, 2020.
             Quit the game on level 3 of the Dungeon on Oct 25, 2020.
             The game lasted 00:10:18 (1911 turns).

Gildeon the Conjurer (Deep Elf Conjurer)            Turns: 1911, Time: 00:10:18

Health: 24/24      AC:  9    Str:  5    XL:     4   Next: 76%
Magic:  10/12      EV: 13    Int: 21    God:
Gold:   197        SH:  0    Dex: 15    Spells: 2/12 levels left

rFire    + + .     SeeInvis .   n - +0 dagger (protect)
rCold    x x .     Gourm    .   (no shield)
rNeg     . . .     Faith    .   a - +0 robe
rPois    .         Spirit   .   (no helmet)
rElec    .         Reflect  .   (no cloak)
rCorr    .         Harm     .   (no gloves)
MR       .....                  (no boots)
Stlth    ++........             (no amulet)
HPRegen  0.08/turn              g - ring of fire
MPRegen  0.13/turn              q - ring of fire

@: protection aura
A: no striking features
a: no special abilities


You were on level 3 of the Dungeon.
You were not hungry.

You visited 1 branch of the dungeon, and saw 3 of its levels.

You collected 197 gold pieces.

Inventory:

Hand Weapons
 n - a +0 dagger of protection (weapon)
Missiles
 m - 35 poisoned darts (quivered)
Armour
 a - a +0 robe (worn)
 o - a +0 kite shield
Jewellery
 g - a ring of fire (left hand)
 q - a ring of fire (right hand)
Scrolls
 e - 2 scrolls of remove curse
 l - 2 scrolls of teleportation
 p - a scroll of enchant weapon {unknown}
 r - a scroll of immolation {unknown}
 u - a scroll of magic mapping {unknown}
Potions
 b - a potion of cancellation
 d - a potion of might {unknown}
 h - a potion of haste {unknown}
 i - a potion of brilliance {unknown}
 j - a potion of curing {unknown}
 k - a potion of magic {unknown}
 s - a potion of flight
 t - 3 potions of stabbing
Comestibles
 c - 7 rations
 f - 2 chunks of flesh


   Skills:
 - Level 0.1 Short Blades
 - Level 3.1 Dodging
 - Level 3.1 Stealth
 + Level 4.6 Spellcasting
 + Level 5.1 Conjurations
 + Level 1.2 Hexes
 + Level 0.9 Translocations


You had 2 spell levels left.
You knew the following spells:

 Your Spells              Type           Power        Failure   Level  Hunger
a - Magic Dart            Conj           ####         1%          1    None
b - Searing Ray           Conj           ####..       1%          2    #......
c - Dazzling Flash        Conj/Hex       ###...       9%          3    ##.....
d - Iskenderun's Mystic   Conj/Tloc      ###.....     32%         4    ####...

Your spell library contained the following spells:

 Spells                   Type           Power        Failure   Level  Hunger
 Fulminant Prism          Conj/Hex       ###.......   30%         4    ####...


Dungeon Overview and Level Annotations

Branches:
Dungeon (3/15)

Altars:

Annotations:
D:3 exclusions: ogre, 2 orcs and quokka


Message History

Casting: Magic Dart (safe; 1% risk of failure)
Confirm with . or Enter, or press ? or * to list all spells.
Aiming: Magic Dart (safe; 1% risk of failure)
Press: ? - help, Shift-Dir - straight line, f/p - worm
Aim: a worm (severely wounded)
The magic dart hits the worm.
You kill the worm!
You see here a worm corpse.
You butcher the worm corpse.
f - 2 chunks of flesh A rat comes into view.
The helpless rat fails to defend itself.
You puncture the rat!
Your weapon exudes an aura of protection.
You kill the rat!
Saving game... please wait.
Level annotation: exclusions: ogre, 2 orcs and quokka Welcome back, Gildeon the Deep Elf Conjurer.
Press ? for a list of commands and other information.
Are you sure you want to abandon this character and quit the game? (Confirm with "yes".)

#....# .###.............. #.
#.##.# # #...#.######...###. #.#
..# .# #..#..######.#..... ..#
#>#####.###>)..........##....
÷.###.(.>).......#######......#..
...##..##..###.## #......####..
..........###..# #....##...##....
....##....##..####.## ##.#.....#.
................@..# #..####..##
.#...#....(.#.###### ##.#####..##
...................###..###......
##......###.######....)###..#####
#....##.# #.###......#####.## #
..#..##)###..##.####.......#### #
###.............## ####.......###
#..###......#..### #.#####....
#.÷# #....[.#....####.# #####


There were no monsters in sight!

Vanquished Creatures
  5 adders
  3 worms (D:3)
  2 dart slugs
  A leopard gecko (D:3)
  3 orcs (D:3)
  4 bats
  3 giant cockroaches
  5 goblins
  10 hobgoblins
  6 jackals (D:1)
  7 kobolds
  4 frilled lizards
  4 rats
57 creatures vanquished.

Notes
Turn   | Place    | Note
-------+----------+-------------------------------------------
     0 | D:1      | Gildeon the Deep Elf Conjurer began the quest for the Orb.
     0 | D:1      | Reached XP level 1. HP: 10/10 MP: 6/6
   191 | D:1      | Reached XP level 2. HP: 15/15 MP: 5/8
   195 | D:1      | Learned a level 2 spell: Searing Ray
   234 | D:1      | Reached skill level 5 in Conjurations
   768 | D:2      | Reached XP level 3. HP: 19/19 MP: 7/10
   903 | D:2      | Learned a level 3 spell: Dazzling Flash
  1219 | D:2      | Reached XP level 4. HP: 24/24 MP: 7/12
  1241 | D:2      | Learned a level 4 spell: Iskenderun's Mystic Blast
  1798 | D:3      | Reached skill level 1 in Hexes
  1843 | D:3      | Noticed an ogre
  1846 | D:3      | Upgraded the game from 0.25-a0-645-gb4487340cb to
                  | 0.25-a0-842-g81a31cfd23
  1911 | D:3      | Quit the game

Levels and vault maps discovered:
D:1:      dpeg_arrival_houses_and_road, layout_rooms, minmay_cut_off
D:2:      layout_basic, minmay_circled_x
D:3:      layout_rooms, minmay_overflow_temple_hex, first_ration

Skill      XL: |  1  2  3  4 |
---------------+-------------+-----
Conjurations   | 5 |  5.1
Spellcasting   | 4 |  4.6
Stealth        | 3 |  3.1
Dodging        | 3 |  3.1
Hexes          | 1 |  1.2
Short Blades   | |  0.1
Translocations | |  0.9

Action                   |  1- 3 |  4- 6 || total
-------------------------+-------+-------++-------
Melee: Dagger            |     2 |    18 ||    20
Throw: Dart              |    10 |     9 ||    19
 Cast: Magic Dart        |    70 |    30 ||   100
       Searing Ray       |       |     2 ||     2
  Use: Scroll            |       |     5 ||     5
 Stab: Sleeping          |     2 |     3 ||     5
  Eat: Chunk             |     1 |     2 ||     3
Armor: Robe              |     1 |     3 ||     4
Dodge: Dodged            |    16 |    19 ||    35

Table legend:
 A = Non-vault XP
 B = Vault XP
 C = Vault XP percentage of total XP
 D = Non-vault monster count
 E = Vault monster count
 F = Vault count percentage of total count
                 A         B        C        D         E       F
            +---------+---------+-------+---------+---------+-------
      Total |     146 |      27 |  15.6 |      49 |       8 |  14.0
            +---------+---------+-------+---------+---------+-------
        D:1 |      32 |       7 |  17.9 |      18 |       4 |  18.2
        D:2 |      48 |      20 |  29.4 |      15 |       4 |  21.1
        D:3 |      66 |       0 |   0.0 |      16 |       0 |   0.0
            +---------+---------+-------+---------+---------+-------
